 Dungeon Crawl Stone Soup version 0.25-a0-258-g6d7e32a812 (webtiles) character file.

Game seed: 13693009557986363983, levelgen mode: deterministic

4 CovertPenguin the Conjurer (level 1, 14/14 HPs)
             Began as a Draconian Conjurer on Dec 6, 2019.
             Got out of the dungeon alive.
             The game lasted 00:01:05 (97 turns).

CovertPenguin the Conjurer (Draconian Conjurer)       Turns: 97, Time: 00:01:06

Health: 14/14      AC:  4    Str: 10    XL:     1   Next: 50%
Magic:  1/3        EV: 12    Int: 15    God:
Gold:   8          SH:  0    Dex: 11    Spells: 3/4 levels left

rFire    . . .     SeeInvis .   (no weapon)
rCold    . . .     Gourm    .   (no shield)
rNeg     . . .     Faith    .   (armour unavailable)
rPois    .         Spirit   .   (helmet restricted)
rElec    .         Reflect  .   (no cloak)
rCorr    .         Harm     .   (no gloves)
MR       .....                  (no boots)
Stlth    ++........             (no amulet)
HPRegen  0.04/turn              (no ring)
MPRegen  0.08/turn              (no ring)

@: no status effects
A: unfitting armour, cold-blooded, AC +4
a: no special abilities


You escaped.
You were not hungry.

You visited 1 branch of the dungeon, and saw 1 of its levels.

You collected 8 gold pieces.

Inventory:

Scrolls
 b - a scroll of identify {unknown}
 c - a scroll of amnesia {unknown}
 d - a scroll of enchant armour {unknown}
Comestibles
 a - 3 chunks of flesh
 e - a ration {!d}


   Skills:
 - Level 1.7 Dodging
 - Level 1.7 Stealth
 - Level 2.0 Spellcasting
 + Level 4.2 Conjurations


You had 3 spell levels left.
You knew the following spells:

 Your Spells              Type           Power        Failure   Level  Hunger
a - Magic Dart            Conj           ##..         4%          1    #......

Your spell library contained the following spells:

 Spells                   Type           Power        Failure   Level  Hunger
 Searing Ray              Conj           ##....       6%          2    ###....
 Dazzling Flash           Conj/Hex       #.....       28%         3    ###....
 Fulminant Prism          Conj/Hex       #.........   67%         4    #####..
 Iskenderun's Mystic Bla  Conj/Tloc      #.......     67%         4    #####..


Dungeon Overview and Level Annotations

Branches:
Dungeon (1/15)

Altars:


Innate Abilities, Weirdness & Mutations

Your plain brown scales are hard. (AC +4)
You cannot fit into any form of body armour.
You are cold-blooded and may be slowed by cold attacks.


Message History

Aim: a leopard gecko The magic dart hits the leopard gecko.
The leopard gecko barely misses you.
Aim: a leopard gecko (almost dead)
The magic dart hits the leopard gecko.
You kill the leopard gecko!
Found a stone staircase leading down.
You see here a leopard gecko corpse.
You start resting.
You butcher the leopard gecko corpse.
a - 2 chunks of flesh You see here a leopard gecko skeleton. x2
Found a club.
b - a scroll labeled BUYMEKEA IWAA
Found a scroll labeled XEOWKA QICYIL and 8 gold pieces.
c - a scroll labeled XEOWKA QICYIL You now have 8 gold pieces.
A rat comes into view.
There is a stone staircase leading down here.
The helpless rat fails to defend itself.
You hit the rat.
You kill the rat!
You butcher the rat corpse.
a - 3 chunks of flesh (gained 1)
You see here a rat skeleton. x2
d - a scroll labeled LENO SUARETS A rat comes into view.
You see here 21 arrows.
A jackal comes into view.
Found 2 purple potions and a club.
The jackal barks!
Aim: a jackal The magic dart hits the jackal.
A jackal comes into view.
You hear a splashing noise.
Aim: a jackal (almost dead)
The magic dart hits the jackal but does no damage.
The jackal barks!
Something bites the plant but does no damage.
You don't know that spell.
Aim: a jackal (almost dead)
The magic dart hits the jackal.
You kill the jackal!
Saving game... please wait.
Welcome back, CovertPenguin the Draconian Conjurer.
The jackal is too close now for your liking.
There is an open door here.
There is a staircase leading out of the dungeon here.
Are you sure you want to leave the Dungeon?
This will make you lose the game! The jackal barely misses you.
You have escaped!

# #..##.# #..........
..######..##.######.#.....
....#....##..(.....#.....
#...##÷...#....###.....
#..####>....## #.....
#...........# ###h..
#.......#...# )..
.####.#####.#>..# ...
...)....+@h..#...# ##≈
#.#.....###...##.#
...........#÷##.#
.#.........#.....#
#.........#####.#
##.#..............
..................
##..........#####
#..........#


You could see a jackal.

Vanquished Creatures
  A leopard gecko (D:1)
  A jackal (D:1)
  A rat (D:1)
3 creatures vanquished.

Notes
Turn   | Place    | Note
-------+----------+-------------------------------------------
     0 | D:1      | CovertPenguin the Draconian Conjurer began the quest for
                  | the Orb.
     0 | D:1      | Reached XP level 1. HP: 14/14 MP: 3/3
    97 | D:$      | Got out of the dungeon alive.

Levels and vault maps discovered:
D:1:      dpeg_arrival_tiny_c, layout_rooms, serial_bayou,
          serial_bayou_lagoon_a, serial_bayou_pond_d, serial_bayou_pond_b,
          serial_bayou_ford_a

Action                   || total
-------------------------++-------
Melee: Unarmed           ||     4
 Cast: Magic Dart        ||     5
 Stab: Sleeping          ||     1
Armor: Skin              ||     1
Dodge: Dodged            ||     6

Table legend:
 A = Non-vault XP
 B = Vault XP
 C = Vault XP percentage of total XP
 D = Non-vault monster count
 E = Vault monster count
 F = Vault count percentage of total count
                 A         B        C        D         E       F
            +---------+---------+-------+---------+---------+-------
      Total |       6 |       0 |   0.0 |       3 |       0 |   0.0
            +---------+---------+-------+---------+---------+-------
        D:1 |       6 |       0 |   0.0 |       3 |       0 |   0.0
            +---------+---------+-------+---------+---------+-------
